 Dungeon Crawl Stone Soup version 0.31.0-4-g52a2dc7128 (webtiles) character file.

Game seed: 3614413663533534599

51 yey the Cudgeller (level 3, 34/34 HPs)
             Began as a Minotaur Berserker on Jan 22, 2024.
             Was a Believer of Trog.
             Got out of the dungeon alive.
             The game lasted 00:22:10 (1412 turns).

yey the Cudgeller (Minotaur Berserker)              Turns: 1412, Time: 00:22:10

Health: 34/34      AC:  4    Str: 23    XL:     3   Next: 58%
Magic:  2/2        EV: 12    Int:  4    God:    Trog [**....]
Gold:   159        SH:  5    Dex:  9    Spells: 2/2 levels left

rFire   . . .        o - +1 dagger (elec)
rCold   . . .        (no shield)
rNeg    . . .        f - +0 leather armour
rPois   .            (helmet restricted)
rElec   .            (no cloak)
rCorr   .            n - +0 pair of gloves
SInv    .            (no boots)
Will    .....        s - amulet of reflection
Stlth   +            (no ring)
HPRegen 0.25/turn    (no ring)
MPRegen 0.08/turn

%: reflection
@: no status effects
A: horns 2, retaliatory headbutt
a: Renounce Religion, Berserk, Trog's Hand


You escaped.
You worshipped Trog.
Trog was pleased with you.
You visited 1 branch of the dungeon, and saw 2 of its levels.

You collected 159 gold pieces.

Inventory:

Hand Weapons
 a - a +0 mace
 d - a +0 dagger
 e - a +0 club
 g - a +0 whip
 h - a +0 hand axe
 k - a +0 dagger
 o - a +1 dagger of electrocution (weapon)
 q - a +0 short sword
 r - a +0 dagger
 t - a +0 dagger
Missiles
 c - 59 stones (quivered)
Armour
 b - a +0 animal skin
 f - a +0 leather armour (worn)
 j - a +0 robe
 l - a +0 robe
 n - a +0 pair of gloves (worn)
Jewellery
 s - an amulet of reflection (around neck)
Talismans
 m - a beast talisman
Scrolls
 i - 2 scrolls of poison {unknown}
 p - a scroll of teleportation {unknown}


   Skills:
 + Level 4.4 Fighting
 + Level 4.5 Maces & Flails
 + Level 2.9 Armour
 + Level 2.4 Dodging


You had 2 spell levels left.
You didn't know any spells.
Your spell library contained the following spells:

 Spells                   Type           Power      Damage    Failure   Level
 Mercury Vapours          Alch/Air       0%         N/A       69%         2
 Mephitic Cloud           Conj/Alch/Air  0%         N/A       89%         3
 Silence                  Hex/Air        0%         N/A       100%        5
 Conjure Ball Lightning   Conj/Air       0%         3x3d6     100%        6


Dungeon Overview and Level Annotations

Branches:
Dungeon (2/15)

Altars:

Shops:
D:2 :(


Innate Abilities, Weirdness & Mutations

You have a pair of horns on your head.
You reflexively headbutt those who attack you in melee.


Message History

You continue putting on your amulet of reflection. x5
You finish putting on your amulet of reflection.
You feel a shielding aura gather around you.
s - an amulet of reflection (around neck)
There is an open door here.
A goblin comes into view. It is wielding a +0 dagger.
The goblin shouts!
The goblin closely misses you. You furiously retaliate!
You headbutt the goblin!
You kill the goblin!
Trog accepts your kill.
Things that are here:
a +0 dagger; a goblin corpse
t - a +0 dagger A frilled lizard comes into view.
The frilled lizard hisses angrily.
The frilled lizard barely misses you.
You closely miss the frilled lizard.
Your headbutt misses the frilled lizard.
The frilled lizard bites you.
You closely miss the frilled lizard. The frilled lizard bites you.
You hit the frilled lizard.
You kill the frilled lizard!
Trog accepts your kill.
You see here a frilled lizard corpse.
c - 59 stones (gained 7)
You see here a goblin corpse.
An endoplasm comes into view.
The endoplasm quivers.
Found 10 gold pieces.
You hit the endoplasm. You headbutt the endoplasm.
You kill the endoplasm!
Trog accepts your kill.
You now have 159 gold pieces (gained 10).
You enter a teleport trap!
The teleport trap disappears.
Your surroundings suddenly seem different.
An endoplasm comes into view.
The endoplasm quivers.
There is a staircase leading out of the dungeon here.
You have escaped!

...###...## ... ##.########
.#.....##.## ... ##.##.......
......####.## #.# ##.####......
......## ##.## #.# ##.## #.......
.####..# ##.###.###.## #.......
.# ##.## ##.##.##.## ##....... ##
##..# ##.#.#.## ###........ #
###..########.#.#####..........
###...##.......#@#.......########
.#..### #######.#.#####....#
....#### #.#.#.# ####.###
##.....# #.##.##J# #...####
#.###.# #.# #.# #.# ###.....
##.....# #.# #.# #.# ##..'#
#.....## #.# #.## #.# ##..#.
..#....##.# #..# #.####.†.#.
.##.>..#.# #..## #.....#.#.


You could see an endoplasm.

Vanquished Creatures
  An adder (D:2)
  3 dart slugs
  A ribbon worm (D:2)
  An endoplasm (D:1)
  2 goblins (D:1)
  3 hobgoblins
  3 jackals (D:1)
  A quokka (D:1)
  5 ball pythons
  5 bats
  2 frilled lizards (D:1)
  5 kobolds
  2 rats
34 creatures vanquished.

Notes
Turn   | Place    | Note
-------+----------+-------------------------------------------
     0 | D:1      | yey the Minotaur Berserker began the quest for the Orb.
     0 | D:1      | Reached XP level 1. HP: 19/19 MP: 0/0
   127 | D:2      | Found Costryulu's Antique Weapon Boutique.
   136 | D:2      | Reached XP level 2. HP: 23/27 MP: 1/1
   263 | D:2      | Found a faded altar of an unknown god.
   299 | D:2      | Got the Papyrus of Thunder
   431 | D:2      | Reached XP level 3. HP: 31/33 MP: 2/2
   515 | D:1      | Reached ** piety under Trog
   595 | D:2      | Noticed a walking divine tome
   597 | D:2      | Found Voarch's Book Shoppe.
   599 | D:2      | Noticed a walking earthen tome
  1412 | D:$      | Got out of the dungeon alive.

Illustrated notes

Levels and vault maps discovered:
D:1:      spicycebolla_arrival_xxxplode, layout_rooms, minmay_gold_behind_fungi,
          minmay_3d_cube
D:2:      layout_loops_ring, ebering_ecumenical_altar_hall, serial_shops,
          nicolae_shop_mannequins, nicolae_shop_tiny_statue_garden,
          corexii_corridor_pit

Skill      XL: |  1  2 |
---------------+-------+-----
Fighting       | 4 |  4.4
Maces & Flails | 4 |  4.5
Armour         | |  2.9
Dodging        | |  2.4

Action                     || total
---------------------------++-------
  Melee: Mace              ||    10
         Club              ||    45
         Headbutt          ||    17
         Dagger            ||    18
    Use: Potion            ||     1
 Armour: Animal skin       ||     7
         Leather armour    ||    41
  Dodge: Dodged            ||    53
